 Dungeon Crawl Stone Soup version 0.31-a0-868-g674d60d6f7 (webtiles) character file.

Game seed: 14616333406021987932

118 tatocazan the Shooter (level 5, -1/42 HPs)
             Began as a Formicid Hunter on Oct 11, 2023.
             Slain by a bullfrog (3 damage)
             ... on level 4 of the Dungeon.
             The game lasted 00:06:16 (3012 turns).

tatocazan the Shooter (Formicid Hunter)             Turns: 3012, Time: 00:06:17

Health: -1/42      AC:  3    Str: 16 (18) XL:     5   Next: 23%
Magic:  5/5        EV: 12    Int:  7 (8)  God:
Gold:   153        SH:  0    Dex: 15 (17) Spells: 4/4 levels left

rFire   . . .        a - +0 shortbow
rCold   + . .        (no shield)
rNeg    . . .        c - +0 leather armour
rPois   .            (helmet unavailable)
rElec   .            (no cloak)
rCorr   .            (no gloves)
SInv    +            (no boots)
Will    .....        (no amulet)
Stlth   ++           o - ring of protection from cold
HPRegen 0.27/turn    (no ring)
MPRegen 0.09/turn

%: no passive effects
@: attractive, unable to drink
A: permanent stasis, dig shafts and tunnels, antennae 3, four strong arms, wild
magic 1, evolution 1, inability to drink after injury 1
a: Dig, Shaft Self


You were on level 4 of the Dungeon.
You visited 1 branch of the dungeon, and saw 4 of its levels.

You collected 153 gold pieces.

Inventory:

Hand Weapons
 a - a +0 shortbow (weapon)
Armour
 c - a +0 leather armour (worn)
Jewellery
 o - a ring of protection from cold (left hand)
Scrolls
 b - 2 scrolls of butterflies
 e - a scroll of revelation {unknown}
 f - a scroll of torment {unknown}
 h - 2 scrolls of identify {unknown}
 j - a scroll of enchant armour {unknown}
 l - 2 scrolls of immolation {unknown}
 m - a scroll of vulnerability {unknown}
 p - 2 scrolls of teleportation {unknown}
 q - a scroll of noise {unknown}
 r - a scroll of amnesia {unknown}
 s - a scroll of acquirement {unknown}
Potions
 n - a potion of curing


   Skills:
 * Level 3.8 Fighting
 + Level 4.5 Ranged Weapons
 + Level 2.5 Dodging
 + Level 2.9 Stealth


You had 4 spell levels left.
You didn't know any spells.
Your spell library contained the following spells:

 Spells                   Type           Power      Damage    Failure   Level
 Summon Small Mammal      Summ           0%         N/A       58%         1
 Call Canine Familiar     Summ           0%         N/A       90%         3
 Summon Guardian Golem    Hex/Summ       0%         N/A       90%         3


Dungeon Overview and Level Annotations

Branches:
Dungeon (4/15)
 Temple: D:4-7

Altars:
Xom


Innate Abilities, Weirdness & Mutations

You cannot be hasted, slowed, berserked, paralysed or teleported.
You can dig through walls and to a lower floor.
You have a pair of large antennae on your head. (SInv)
Your four strong arms can wield two-handed weapons with a shield.
Your spells are a little harder to cast, but a little more powerful.
You have hidden genetic potential.
You occasionally lose the ability to drink potions when taking damage.


Message History

You kill the gnoll!
You start resting.
A worm comes into view.
A worm is nearby!
A worm is nearby!
You aren't carrying any items that you can evoke.
An adder comes into view.
Found 2 stones and a scale mail.
A bullfrog comes into view.
The bullfrog croaks.
It was a potion of mutation.
You feel extremely strange.
You feel less in control of your magic.
You occasionally lose the ability to drink potions when taking damage.
You feel a hidden potential growing inside you.
It was a potion of attraction.
You feel attractive to monsters. The bullfrog closely misses you.
The worm is attracted toward you.
It was a potion of haste.
Your stasis prevents you from being hasted.
The bullfrog completely misses you. The bullfrog hits you.
You take 5 damage, and have 13/42 hp.
It was a potion of degeneration.
There was something very wrong with that liquid.
You feel weakened.
You feel dopey.
You feel clumsy. The bullfrog hits you.
* * * LOW HITPOINT WARNING * * *
You take 5 damage, and have 8/42 hp.
It was a potion of curing.
You feel better.
The bullfrog snags a nearby blue-tailed skink with its tongue.
The bullfrog hits you.
* * * LOW HITPOINT WARNING * * *
The bullfrog hits you.
* * * LOW HITPOINT WARNING * * *
You take 2 damage, and have 6/42 hp.
The bullfrog hits you.
* * * LOW HITPOINT WARNING * * *
You feel threatened and lose the ability to drink potions!
You begin to dig a shaft.
You continue digging a shaft.
The bullfrog hits you.
You die...

#....# #....#
##....# .....#
#.... ... #.#
#@# #F# # #w#
..# #.# #...
#.# ##
##..##.###...#
#(..........[.
#.####.####...
# ##.....##


You could see a bullfrog and a worm.

Vanquished Creatures
  Robin (D:2)
  4 adders (D:2)
  A gnoll (D:4)
  6 ball pythons
  4 bats
  4 endoplasms
  5 giant cockroaches
  12 goblins
  4 hobgoblins
  2 jackals (D:2)
  3 quokkas
  6 kobolds
  6 rats
58 creatures vanquished.

Notes
Turn   | Place    | Note
-------+----------+-------------------------------------------
     0 | D:1      | tatocazan the Formicid Hunter began the quest for the Orb.
     0 | D:1      | Reached XP level 1. HP: 16/16 MP: 1/1
    68 | D:1      | Reached XP level 2. HP: 23/23 MP: 2/2
   837 | D:2      | Noticed Robin
   841 | D:2      | Reached XP level 3. HP: 27/27 MP: 3/3
  1955 | D:2      | Reached XP level 4. HP: 16/35 MP: 4/4
  2293 | D:2      | Found a faded altar of an unknown god.
  2308 | D:2      | Killed Robin
  2870 | D:2      | Reached XP level 5. HP: 40/42 MP: 5/5
  2986 | D:4      | Found a shimmering altar of Xom.
  2999 | D:4      | Noticed a bullfrog
  3006 | D:4      | Gained mutation: Your spells are a little harder to cast,
                  | but a little more powerful. [potion of mutation]
  3006 | D:4      | Gained mutation: You occasionally lose the ability to drink
                  | potions when taking damage. [potion of mutation]
  3006 | D:4      | Gained mutation: You have hidden genetic potential. [potion
                  | of mutation]
  3011 | D:4      | HP: 2/42 [bullfrog (5)]
  3012 | D:4      | Slain by a bullfrog

Illustrated notes

Levels and vault maps discovered:
D:1:      spicycebolla_green_bress_n_ham_2, layout_basic, feat_on_display
D:2:      minmay_razor_zed, layout_rooms, ebering_ecumenical_altar_abandoned,
          uniq_robin
D:3:      layout_rooms, serial_rivers, chequers_serial_rivers_micro_b,
          chequers_serial_rivers_micro_a, chequers_serial_rivers_micro_a,
          chequers_serial_rivers_marsh, chequers_serial_rivers_micro_d,
          chequers_serial_rivers_micro_c
D:4:      layout_rooms, old_standard_altar, uniq_natasha

Skill      XL: |  1  2  3 |
---------------+----------+-----
Dodging        | 2 |  2.5
Stealth        | 2 |  2.9
Fighting       | 3 |  3.8
Ranged Weapons | |  4.5

Action                     |  1- 3 |  4- 6 || total
---------------------------+-------+-------++-------
   Fire: Shortbow          |   118 |    76 ||   194
Ability: Dig               |     1 |       ||     1
         Shaft Self        |       |     1 ||     1
    Use: Potion            |       |     5 ||     5
 Armour: Leather armour    |    58 |    28 ||    86
  Dodge: Dodged            |    57 |    43 ||   100

Table legend: (Time is in decaauts)
 A = Elapsed time spent in this place.
 B = Non-inter-level travel time spent in this place.
 C = Inter-level travel time spent in this place.
 D = Time resting spent in this place.
 E = Time spent auto-exploring this place.
 F = Levels seen in this place.
 G = Mean time per level.
                   A        B        C        D        E       F      G
               +--------+--------+--------+--------+--------+-----+--------+
         Total |   3058 |   2997 |     61 |   1307 |   1285 |   4 |  764.5 |
       Dungeon |   3058 |   2997 |     61 |   1307 |   1285 |   4 |  764.5 |
               +--------+--------+--------+--------+--------+-----+--------+

Top non-repeatable levels by time:
     D:1: 1818 daAuts
     D:2: 1120 daAuts
     D:3: 93 daAuts
     D:4: 26 daAuts
